 Dungeon Crawl Stone Soup version 0.27-a0-406-g23f261fbd2 (webtiles) character file.

Game seed: 2439097259829473506

18 dickylongcocking the Skirmisher (level 2, 0/27 HPs)
             Began as a Palentonga Abyssal Knight on Feb 22, 2021.
             Was a Follower of Lugonu.
             Slain by Sigmund
             ... wielding a +2 scythe of flaming
              (10 damage)
             ... on level 2 of the Dungeon.
             The game lasted 00:00:39 (731 turns).

dickylongcocking the Skirmisher (PaAK)               Turns: 731, Time: 00:00:40

Health: 0/27       AC: 11    Str: 15    XL:     2   Next: 51%
Magic:  3/3        EV:  9    Int: 12    God:    Lugonu [*.....]
Gold:   9          SH:  0    Dex:  9    Spells: 1/1 levels left

rFire    . . .     SeeInvis +   h - +3 mace (protect)
rCold    . . .     Faith    .   (no shield)
rNeg     . . .     Spirit   .   b - +0 leather armour
rPois    .         Reflect  .   (no helmet)
rElec    .         Harm     .   (no cloak)
rCorr    .         Rampage  .   (no gloves)
Will     .....                  (no barding)
Stlth    +.........             (no amulet)
HPRegen  0.09/turn              (no ring)
MPRegen  0.08/turn              (no ring)

@: brilliant, protection aura, attractive
A: large, rugged brown scales 3, see invisible, deformed body, roll 1, armoured
tail
a: Rolling Charge, Renounce Religion, Depart the Abyss


You were on level 2 of the Dungeon.
You worshipped Lugonu.
Lugonu was aware of your devotion.
You visited 1 branch of the dungeon, and saw 2 of its levels.
You visited the Abyss 1 time.

You collected 9 gold pieces.

Inventory:

Hand Weapons
 a - a +1 hand axe
 h - a +3 mace of protection (weapon)
Armour
 b - a +0 leather armour (worn)
Scrolls
 e - a scroll of blinking {unknown}
 f - a scroll of teleportation {unknown}


   Skills:
 + Level 3.6 Fighting
 - Level 2.0 Axes
 * Level 0.2(1.2) Maces & Flails
 + Level 1.7 Armour
 + Level 0.7 Dodging
 + Level 2.1 Invocations


You had one spell level left.
You didn't know any spells.
Your spell library was empty.

Dungeon Overview and Level Annotations

Branches:
Dungeon (2/15)

Altars:

Annotations:
D:2 Sigmund


Innate Abilities, Weirdness & Mutations

You are completely covered in rugged brown scales. (AC +3, +7% HP)
You have supernaturally acute eyesight. (SInv)
Armour fits poorly on your strangely shaped body.
You can roll at nearby foes to attack.
You have a long armoured tail.


Message History

Sigmund points at you and mumbles some strange words.
The puff of flame hits you.
You sock Sigmund!
Your weapon exudes an aura of protection.
Sigmund is moderately wounded.
A bat comes into view.
Sigmund flickers, as though insubstantial.
Sigmund points at you and mumbles some strange words.
You resist with significant effort.
You closely miss Sigmund.
Sigmund is moderately wounded.
Sigmund hits you but does no damage.
It was a potion of attraction.
You feel attractive to monsters. Sigmund hits you but does no damage.
The kobold hits you.
There are no items here.
It was a potion of brilliance.
You feel clever all of a sudden. The kobold closely misses you.
There's nothing you can charge at!
Unknown command.
Unknown command.
You hit Sigmund.
Your weapon exudes an aura of protection.
Sigmund is heavily wounded.
Sigmund barely misses you. The kobold hits you.
You hit Sigmund but do no damage.
Sigmund is heavily wounded.
Sigmund barely misses you. The kobold hits you.
As you read the scroll labelled YWKUAMM MEWACO, it crumbles to dust.
It is a scroll of enchant weapon.
Your +2 mace of protection glows red for a moment.
The kobold barely misses you.
Sigmund hits you with a +2 scythe of flaming.
Sigmund burns you.
You hit Sigmund.
Sigmund is heavily wounded.
The kobold hits you.
Sigmund hits you with a +2 scythe of flaming!
You die...

#..###.##..........#
#..........<......#
#####.#.....).....#
#..##....<.....#
#.############## #
##.# ...####..#
........#######
####..K@.......
##.@###..... #....
.... ....... ...
....$.. .. ....... .
....... .......


You could see Sigmund and a kobold.

Vanquished Creatures
  A dart slug (D:1)
  2 giant cockroaches (D:1)
  A goblin (D:1)
  5 hobgoblins (D:1)
  A quokka (D:2)
  2 bats (D:1)
  A kobold (D:1)
  2 rats (D:1)
15 creatures vanquished.

Notes
Turn   | Place    | Note
-------+----------+-------------------------------------------
     0 | Abyss:1  | dickylongcocking the Palentonga Abyssal Knight began the
                  | quest for the Orb.
     0 | Abyss:1  | Reached XP level 1. HP: 20/20 MP: 2/2
    16 | D:1      | Escaped the Abyss
   354 | D:1      | Reached XP level 2. HP: 27/27 MP: 3/3
   719 | D:2      | Noticed Sigmund
   731 | D:2      | Slain by Sigmund

Illustrated notes

Levels and vault maps discovered:
D:1:      saegor_arrival_simple_b, layout_loops_ring, minmay_distorted
D:2:      layout_rooms, lemuel_crystal_altar, minitemple, solitary_fountain,
          minmay_misc_feat_room, uniq_sigmund, uniq_natasha

Action                   || total
-------------------------++-------
Melee: Hand axe          ||    23
       Tailslap          ||     1
       Mace              ||    18
  Use: Potion            ||     2
       Scroll            ||     1
Armor: Leather armour    ||    15
Dodge: Dodged            ||    25

Table legend: (Time is in decaauts)
 A = Elapsed time spent in this place.
 B = Non-inter-level travel time spent in this place.
 C = Inter-level travel time spent in this place.
 D = Time resting spent in this place.
 E = Time spent auto-exploring this place.
 F = Levels seen in this place.
 G = Mean time per level.
                   A        B        C        D        E       F      G
               +--------+--------+--------+--------+--------+-----+--------+
         Total |    740 |    726 |     14 |      0 |    609 |   3 |  246.7 |
       Dungeon |    724 |    710 |     14 |      0 |    603 |   2 |  362.0 |
         Abyss |     16 |     16 |      0 |      0 |      6 |   1 |   16.0 |
               +--------+--------+--------+--------+--------+-----+--------+

Top non-repeatable levels by time:
     D:1: 640 daAuts
     D:2: 83 daAuts
 Abyss:1: 16 daAuts
